 Dungeon Crawl Stone Soup version 0.22-a0-406-g9ff8d77 (webtiles) character file.

470 raistware the Conjurer (level 6, 0/41 HPs)
             Began as a Mummy Wizard on May 8, 2018.
             Slain by a leopard gecko (5 damage)
             ... on level 4 of the Dungeon.
             The game lasted 00:19:51 (5218 turns).

raistware the Conjurer (Mummy Wizard)               Turns: 5218, Time: 00:19:51

Health: 0/41       AC:  3    Str: 10    XL:     6   Next: 82%
Magic:  4/13       EV: 12    Int: 20    God:
Gold:   173        SH:  0    Dex: 10    Spells: 3/14 levels left

rFire    x . .     SeeInvis .   h - +3 whip
rCold    + . .     Gourm    .   (no shield)
rNeg     + + +     Faith    .   a - +0 robe
rPois    ∞         Spirit   .   b - +0 hat
rElec    .         Reflect  .   k - +0 cloak
rCorr    .         Harm     .   (no gloves)
MR       .....                  (no boots)
Stlth    ++........             (no amulet)
HPRegen  0.13/turn              l - ring of wizardry
MPRegen  0.13/turn              (no ring)

@: no status effects
A: no food or potions, fire vulnerability, cold resistance 1, negative energy
resistance 3, torment resistance, unbreathing
a: no special abilities


You were on level 4 of the Dungeon.
You were not hungry.

You visited 1 branch of the dungeon, and saw 4 of its levels.

You collected 173 gold pieces.

Inventory:

Hand Weapons
 c - a +0 hunting sling
 h - a +3 whip (weapon)
 m - a +3 dagger of venom
Missiles
 i - 34 sling bullets
Armour
 a - a +0 robe (worn)
 b - a +0 hat (worn)
 k - a +0 cloak (worn)
Magical Staves
 n - an uncursed staff of cold
Jewellery
 l - a ring of wizardry (left hand)
Scrolls
 d - a scroll of fog {unknown}
 e - 3 scrolls of remove curse
 f - 5 scrolls of identify
 g - 2 scrolls of magic mapping {unknown}


   Skills:
 - Level 1.5 Dodging
 - Level 1.5 Stealth
 - Level 4.7 Spellcasting
 + Level 5.2 Conjurations
 - Level 0.7 Summonings
 - Level 0.7 Translocations
 - Level 1.8 Fire Magic


You had 3 spell levels left.
You knew the following spells:

 Your Spells              Type           Power        Failure   Level  Hunger
a - Magic Dart            Conj           ####         1%          1    N/A
b - Blink                 Tloc           N/A          6%          2    N/A
c - Call Imp              Summ           #.......     6%          2    N/A
d - Conjure Flame         Conj/Fire      ###.....     3%          3    N/A
e - Mephitic Cloud        Conj/Pois/Air  ##......     7%          3    N/A

Dungeon Overview and Level Annotations

Branches:
Dungeon (4/15)
 Temple: D:4-7

Altars:
Hepliaklqana
Ru

Annotations:
D:3 zero's ghost, amateur TrVM
D:4 Robin


Innate Abilities, Weirdness & Mutations

You do not eat or drink.
Your flesh is vulnerable to fire.
You are immune to poison.
Your flesh is cold resistant. (rC+)
You are immune to negative energy. (rN+++)
You are immune to unholy pain and torment.
You can survive without breathing.


Message History

You feel strangely unstable.
It was a scroll of teleportation.
Your crimson imp hits Robin.
Robin barely misses your crimson imp.
Your crimson imp hits Robin.
Robin hits your crimson imp with a mace.
Your crimson imp hits Robin.
Robin barely misses your crimson imp.
Your crimson imp hits Robin but does no damage.
Your surroundings suddenly seem different.
A leopard gecko comes into view.
The leopard gecko hisses angrily.
There is an open door here.
The leopard gecko barely misses you.
There is an open door here.
The orc shouts!
The leopard gecko barely misses you.
Press: ? - help, v - describe, . - travel
Here: an orc, wielding a falchion of flaming and wearing a ring mail The floor.
The leopard gecko bites you.
You die...

##########
#....##..#
#........#
#........#
#....l@..# .
#....##..#
....##....##'## ....
#.............#
....##.......o.....#
.....#.............#
.....#.............#
....##...##........#
....#######........#


You could see a leopard gecko.

Vanquished Creatures
  Duvessa (D:4)
  Dowan (D:4)
  An orc priest (D:3)
  A hound (D:4)
  A centaur skeleton (D:3)
  Jessica (D:3)
  4 gnolls
  6 adders
  3 oozes
  3 worms
  A dart slug (D:2)
  4 leopard geckos
  8 orcs
  4 giant cockroaches
  18 goblins
  12 hobgoblins
  6 kobolds
  3 quokkas
  4 bats
  6 frilled lizards
  4 rats
92 creatures vanquished.

Notes
Turn   | Place    | Note
-------+----------+-------------------------------------------
     0 | D:1      | raistware the Mummy Wizard began the quest for the Orb.
     0 | D:1      | Reached XP level 1. HP: 13/13 MP: 5/5
    13 | D:1      | Reached skill level 1 in Conjurations
   324 | D:1      | Reached XP level 2. HP: 19/19 MP: 2/7
   356 | D:1      | Learned a level 2 spell: Blink
   359 | D:1      | Learned a level 2 spell: Call Imp
   620 | D:1      | Reached skill level 2 in Conjurations
   674 | D:1      | Reached XP level 3. HP: 24/24 MP: 2/8
  1241 | D:2      | Learned a level 3 spell: Conjure Flame
  1498 | D:2      | Reached skill level 3 in Conjurations
  1801 | D:2      | Reached XP level 4. HP: 30/30 MP: 5/10
  1806 | D:2      | Learned a level 3 spell: Mephitic Cloud
  2215 | D:2      | Found a hazy altar of Hepliaklqana.
  2999 | D:3      | Reached XP level 5. HP: 21/35 MP: 1/12
  3125 | D:3      | Found a sacrificial altar of Ru.
  3195 | D:3      | Reached skill level 4 in Conjurations
  3283 | D:3      | Noticed zero's ghost (amateur TrVM)
  3695 | D:3      | Noticed Jessica
  3700 | D:3      | Killed Jessica
  3714 | D:3      | Reached skill level 1 in Fire Magic
  4386 | D:4      | Noticed Duvessa
  4386 | D:4      | Noticed Dowan
  4447 | D:4      | Killed Dowan
  4447 | D:4      | Reached XP level 6. HP: 21/41 MP: 1/13
  4760 | D:4      | Noticed Robin
  5177 | D:4      | Killed Duvessa
  5177 | D:4      | Reached skill level 5 in Conjurations
  5187 | D:4      | HP: 1/41 [orc/hand axe (3)]
  5218 | D:4      | Slain by a leopard gecko

Vault maps used:
D:1:      dpeg_arrival_simpleton_a, minmay_misc_feat_nine_boxes
D:2:      marbit_many_paths
D:3:      old_standard_altar, first_ration, uniq_jessica
D:4:      uniq_duvessa, uniq_robin

Skill      XL: |  1  2  3  4  5  6 |
---------------+-------------------+-----
Conjurations   | 1 2 3 4 5 |  5.2
Fire Magic     | 1 |  1.8
Dodging        | |  1.5
Stealth        | |  1.5
Spellcasting   | |  4.7
Summonings     | |  0.7
Translocations | |  0.7

Action                   |  1- 3 |  4- 6 || total
-------------------------+-------+-------++-------
Melee: Hand axe          |    26 |     6 ||    32
       Whip              |       |    47 ||    47
 Cast: Magic Dart        |    71 |   176 ||   247
       Call Imp          |     1 |     1 ||     2
       Mephitic Cloud    |       |     4 ||     4
       Conjure Flame     |       |    10 ||    10
       Blink             |       |     3 ||     3
Evoke: Wand              |       |     9 ||     9
  Use: Scroll            |       |     2 ||     2
 Stab: Sleeping          |     2 |     2 ||     4
       Distracted        |     1 |       ||     1
       Confused          |       |     1 ||     1
Armor: Robe              |     9 |     6 ||    15
Dodge: Dodged            |    25 |    64 ||    89

Table legend:
 A = Spawn XP
 B = Non-spawn XP
 C = Spawn XP percentage of total XP
 D = Spawn monster count
 E = Non-spawn monster count
 F = Spawn count percentage of total count
 G = Total turns spent on level
                    A         B        C        D         E        F      G
               +---------+---------+-------+---------+---------+-------+---------
         Total |       0 |     672 |   0.0 |       0 |      92 |   0.0 |  5218
               +---------+---------+-------+---------+---------+-------+---------
           D:1 |       0 |      50 |   0.0 |       0 |      19 |   0.0 |  1176
           D:2 |       0 |      83 |   0.0 |       0 |      22 |   0.0 |  1257
           D:3 |       0 |     223 |   0.0 |       0 |      27 |   0.0 |  2005
           D:4 |       0 |     316 |   0.0 |       0 |      24 |   0.0 |   780
               +---------+---------+-------+---------+---------+-------+---------
